 Dungeon Crawl Stone Soup version 0.21-a0-552-g593960d (webtiles) character file.

1 tidbits the Firebug (level 1, 5/13 HPs)
             Began as a Gnoll Wanderer on Dec 17, 2017.
             Quit the game on level 1 of the Dungeon.
             The game lasted 00:00:52 (61 turns).

tidbits the Firebug (Gnoll Wanderer)                  Turns: 61, Time: 00:00:53

Health: 5/13       AC:  2    Str: 12    XL:     1   Next: 20%
Magic:  6/6        EV: 11    Int: 18    God:
Gold:   0          SH:  0    Dex: 12    Spells: 9/9 levels left

rFire    . . .     SeeInvis .   a - +0 spear
rCold    . . .     Gourm    .   (no shield)
rNeg     . . .     Faith    .   e - +0 robe
rPois    .         Spirit   .   (no helmet)
rElec    .         Reflect  .   (no cloak)
rCorr    .         Harm     .   (no gloves)
MR       .....                  (no boots)
Stlth    +.........             (no amulet)
HPRegen  0.04/turn              (no ring)
MPRegen  0.10/turn              (no ring)

@: lethally poisoned (5 -> -2)
A: distributed training, fangs 1, strong nose
a: no special abilities


You were on level 1 of the Dungeon.
You were not hungry.

You visited 1 branch of the dungeon, and saw 2 of its levels.

Inventory:

Hand Weapons
 a - a +0 spear (weapon)
 b - a +2 blowgun
Armour
 e - a +0 robe (worn)
Potions
 d - a potion of lignification
Books
 c - Leskuoth's Collected Works on Sinister Rites

   Spells                             Type                      Level
   a - Corpse Rot                     Necromancy                   2
   b - Sublimation of Blood           Necromancy                   2
Comestibles
 f - a bread ration
 h - a meat ration


   Skills:
 + Level 0.0 Fighting
 + Level 0.0 Short Blades
 + Level 0.0 Long Blades
 + Level 0.0 Axes
 + Level 0.0 Maces & Flails
 + Level 0.0 Polearms
 + Level 0.0 Staves
 + Level 0.0 Slings
 + Level 0.0 Bows
 + Level 0.0 Crossbows
 + Level 2.3 Throwing
 + Level 0.0 Armour
 + Level 0.0 Dodging
 + Level 0.0 Stealth
 + Level 2.3 Shields
 + Level 0.0 Unarmed Combat
 + Level 4.8 Spellcasting
 + Level 0.0 Conjurations
 + Level 0.0 Hexes
 + Level 0.0 Charms
 + Level 0.0 Summonings
 + Level 5.3 Necromancy
 + Level 0.0 Translocations
 + Level 0.0 Transmutations
 + Level 5.3 Fire Magic
 + Level 0.0 Ice Magic
 + Level 0.0 Air Magic
 + Level 0.0 Earth Magic
 + Level 0.0 Poison Magic
 + Level 0.0 Invocations
 + Level 0.0 Evocations


You had 9 spell levels left.
You didn't know any spells.

Dungeon Overview and Level Annotations

Branches:
Dungeon (2/15)

Altars:


Innate Abilities, Weirdness & Mutations

Your experience applies equally to all skills.
You have very sharp teeth.
Your uncanny sense of smell can sniff out nearby items.


Message History

Welcome, tidbits the Gnoll Wanderer.
It is said that the Orb of Zot exists deep within this dungeon.
Press ? for a list of commands and other information.
Found a staircase leading out of the dungeon.
Okay, then.
Okay, then.
You open the large door.
A kobold comes into view.
There is a large open door here.
Firing (i - inventory):
a - a curare-tipped needle (quivered)
Press: ? - help, Shift-Dir - straight line, f - kobold
Aim: a kobold (resting)
You shoot a curare-tipped needle.
The curare-tipped needle hits the kobold.
The kobold is poisoned.
The kobold convulses.
You kill the kobold!
Found a spear.
a - a curare-tipped needle You see here a kobold corpse.
You see here a spear.
g - a spear Adjust (i)tems, (s)pells, or (a)bilities?
Adjust which item? (? for menu, Esc to quit)
g - a spear Adjust to which letter? (? for menu, Esc to quit)
a - a spear;
g - a curare-tipped needle (quivered)
Adjust (i)tems, (s)pells, or (a)bilities?
Adjust which item? (? for menu, Esc to quit)
Okay, then.
You open the door.
There is an open door here.
Found a meat ration and a dented jade amulet.
h - a meat ration You open the door.
Found a stone staircase leading down.
There is an open door here.
There is a stone staircase leading down here.
You climb downwards.
A bat comes into view.
Found 11 gold pieces.
There is a stone staircase leading up here.
Found a scroll labeled APSUIJ YHIO.
Firing (i - inventory):
g - a curare-tipped needle (quivered)
Press: ? - help, Shift-Dir - straight line, f - bat
Aim: a bat (resting)
You shoot a curare-tipped needle. The curare-tipped needle hits the bat.
The bat is poisoned.
The bat convulses.
You kill the bat!
An adder comes into view.
The adder hisses angrily.
You hear a bark!
Wield which item (- for none, * to show all)? (? for menu, Esc to quit)
a - a +0 spear (weapon)
Attack whom?
Press: ? - help, Dir - move target cursor, f - adder
Aim: an adder You reach to attack!
You closely miss the adder. The adder bites you but does no damage.
A jackal comes into view.
There is a stone staircase leading up here.
The adder barely misses you. The adder bites you but does no damage.
You climb upwards.
There is a stone staircase leading down here.
You hit the adder.
The adder is lightly wounded.
The adder bites you.
You closely miss the adder.
The adder is lightly wounded.
The adder closely misses you.
You barely miss the adder.
The adder is lightly wounded.
The adder bites you.
* * * LOW HITPOINT WARNING * * *
You are poisoned.
The adder poisons you! The adder barely misses you.
You closely miss the adder.
The adder is lightly wounded.
You feel sick. The adder bites you but does no damage.
Are you sure you want to abandon this character and quit the game? (Confirm with "yes".)

#.......#####.###.'.....§§<#
#.......# #.# ###≈≈≈§≈####
#####.### #.# #≈≈#§≈≈≈≈ #.#
#.# ##≈≈§≈≈§≈ #.# #.#
#≈§§§≈#≈ ######.##### #.#
##≈§§§≈≈≈ #...........# #.#
###§≈≈§§≈ ............###S#
##### ## ............'..@#
#...........#####
#...........# #...........#
#"...######## .... ## ∆


You could see an adder.

Vanquished Creatures
  A bat (D:2)
  A kobold (D:1)
2 creatures vanquished.

Notes
Turn   | Place    | Note
-------+----------+-------------------------------------------
     0 | D:1      | tidbits the Gnoll Wanderer began the quest for the Orb.
     0 | D:1      | tidbits set off with: a curare-tipped needle, a +2 blowgun, Leskuoth's Collected Works on Sinister Rites, a potion of lignification, a +0 robe, a bread ration
     0 | D:1      | Reached XP level 1. HP: 13/13 MP: 6/6
     0 | D:1      | Identified Leskuoth's Collected Works on Sinister Rites
    61 | D:1      | Quit the game

Vault maps used:
D:1:      lightli_molten_gateway
D:2:      old_standard_altar, kennysheep_minor_cross, minmay_close_crescents,
          uniq_natasha, uniq_jessica

Action                   || total
-------------------------++-------
Melee: Spear             ||     5
 Fire: Blowgun           ||     2
Armor: Robe              ||     3
Dodge: Dodged            ||     3

Table legend:
 A = Spawn XP
 B = Non-spawn XP
 C = Spawn XP percentage of total XP
 D = Spawn monster count
 E = Non-spawn monster count
 F = Spawn count percentage of total count
 G = Total turns spent on level
                    A         B        C        D         E        F      G
               +---------+---------+-------+---------+---------+-------+---------
         Total |       0 |       2 |   0.0 |       0 |       2 |   0.0 |    61
               +---------+---------+-------+---------+---------+-------+---------
           D:1 |       0 |       1 |   0.0 |       0 |       1 |   0.0 |    50
           D:2 |       0 |       1 |   0.0 |       0 |       1 |   0.0 |    11
               +---------+---------+-------+---------+---------+-------+---------

Table legend:
 A = Turns spent in this place as a percentage of turns spent in the entire game.
 B = Non-inter-level travel turns spent in this place as a percentage of non-inter-level travel turns spent in the entire game.
 C = Inter-level travel turns spent in this place as a percentage of turns spent in this place.
 D = Turns resting spent in this place as a percentage of non-inter-level travel turns spent in this place.
 E = Turns spent auto-exploring this place as a percentage of non-inter-level travel turns spent in this place.
 F = Non-inter-level travel turns spent in this place divided by the number of levels of this place that you've seen.
                   A       B       C       D       E      F
               +-------+-------+-------+-------+-------+----------------------
         Total | 100.0 | 100.0 |   0.0 |   0.0 |   0.0 |  30.5
       Dungeon | 100.0 | 100.0 |   0.0 |   0.0 |   0.0 |  30.5
               +-------+-------+-------+-------+-------+----------------------

Table legend:
 A = Kills in this place as a percentage of kills in entire the game.
 B = Kills by you in this place as a percentage of kills by you in the entire game.
 C = Kills by friends in this place as a percentage of kills by friends in the entire game.
 D = Other kills in this place as a percentage of other kills in the entire game.
 E = Experience gained in this place as a percentage of experience gained in the entire game.
 F = Experience gained in this place divided by the number of levels of this place that you have seen.
                   A       B       C       D       E      F
               +-------+-------+-------+-------+-------+----------------------
         Total | 100.0 | 100.0 |   N/A |   N/A | 100.0 |   1.0
       Dungeon | 100.0 | 100.0 |   N/A |   N/A | 100.0 |   1.0
               +-------+-------+-------+-------+-------+----------------------

Vault maps used:
D:1:      lightli_molten_gateway
D:2:      old_standard_altar, kennysheep_minor_cross, minmay_close_crescents,
          uniq_natasha, uniq_jessica
